 Dungeon Crawl Stone Soup version 0.29.1-4-g47bece8355 (webtiles) character file.

Game seed: 580087700502789458

219 NotreDorf the Ducker (level 5, -4/35 HPs)
             Began as a Merfolk Venom Mage on Dec 3, 2022.
             Killed by divine providence
             ... invoked by an orc priest
              (11 damage)
             ... on level 4 of the Dungeon.
             The game lasted 00:17:08 (3451 turns).

NotreDorf the Ducker (Merfolk Venom Mage)           Turns: 3451, Time: 00:17:08

Health: -4/35      AC:  3    Str:  8    XL:     5   Next: 96%
Magic:  6/10       EV: 14    Int: 17    God:
Gold:   222        SH:  0    Dex: 14    Spells: 4/10 levels left

rFire   . . .      SeeInvis .   x - +1 glaive (freeze)
rCold   . . .      Faith    .   (shield currently unavailable)
rNeg    . . .      Spirit   .   a - +0 robe
rPois   +          Reflect  .   p - +1 hat
rElec   .          Harm     .   l - scarf {shadows}
rCorr   +          Rampage  .   (no gloves)
Will    .....                   (no boots)
Stlth   ++........              (no amulet)
HPRegen 0.11/turn               v - ring of poison resistance
MPRegen 0.12/turn               i - ring of resist corrosion

@: no status effects
A: (nimble swimmer 2), mertail
a: no special abilities


You were on level 4 of the Dungeon.
You visited 2 branches of the dungeon, and saw 5 of its levels.

You collected 222 gold pieces.

Inventory:

Hand Weapons
 g - a +0 dagger
 x - a +1 glaive of freezing (weapon)
Armour
 a - a +0 robe (worn)
 l - a scarf of shadows (worn)
 p - a +1 hat (worn)
Jewellery
 i - a ring of resist corrosion (right hand)
 j - a ring of fire
 v - a ring of poison resistance (left hand)
Scrolls
 d - a scroll of summoning {unknown}
 e - 7 scrolls of identify {unknown}
 h - 2 scrolls of enchant armour {unknown}
 m - a scroll of teleportation {unknown}
 r - a scroll of enchant weapon {unknown}
 s - a scroll of immolation {unknown}
 t - a scroll of blinking {unknown}
 w - a scroll of poison {unknown}
Potions
 b - a potion of magic
 c - a potion of degeneration {unknown}
 f - a potion of flight {unknown}
 k - 2 potions of brilliance {unknown}
 n - a potion of heal wounds
 o - a potion of berserk rage {unknown}
 q - a potion of cancellation {unknown}
 u - a potion of mutation {unknown}


   Skills:
 + Level 4.8 Dodging
 - Level 2.7 Stealth
 + Level 3.3 Spellcasting
 - Level 2.1 Transmutations
 + Level 4.7 Poison Magic


You had 4 spell levels left.
You knew the following spells:

 Your Spells              Type           Power      Damage    Failure   Level
a - Sting                 Tmut/Pois      56%        1d5       4%          1
b - Poisonous Vapours     Pois/Air       20%        N/A       10%         2
c - Mephitic Cloud        Conj/Pois/Air  8%         N/A       26%         3

Your spell library contained the following spells:

 Spells                   Type           Power      Damage    Failure   Level
 Summon Small Mammal      Summ           8%         N/A       17%         1
 Olgreb's Toxic Radiance  Pois           18%        N/A       24%         4
 Call Canine Familiar     Summ           2%         N/A       45%         3
 Summon Guardian Golem    Hex/Summ       2%         N/A       45%         3


Dungeon Overview and Level Annotations

Branches:
Dungeon (4/15)             Temple (1/1) D:4

Altars:
Ashenzari
Cheibriados
Dithmenos
Elyvilon
Fedhas
Gozag
Hepliaklqana
Makhleb
Okawaru
Qazlal
Ru
Sif Muna
Uskayaw
Wu Jian
Xom
Yredelemnul
The Shining One

Annotations:
D:2 1 runed translucent door, Crazy Yiuf


Innate Abilities, Weirdness & Mutations

((You are very nimble when in or above water. (Stealth+, EV+, Speed+++)))
Your lower body shifts to a powerful aquatic tail in water.


Message History

Aiming: Sting (safe; 4% risk of failure)
Press: ? - help, Shift-Dir - straight line, f/p - orc wizard
Aim: an orc wizard, wielding a +0 dagger and wearing a +0 robe (64% to hit)
The sting hits the orc wizard.
The orc wizard is poisoned.
The orc wizard is moderately wounded.
The orc wizard hits you with a +0 dagger.
* * * LOW HITPOINT WARNING * * *
Casting: Sting (safe; 4% risk of failure)
Confirm with . or Enter, or press ? or * to list all spells.
Aiming: Sting (safe; 4% risk of failure)
Press: ? - help, Shift-Dir - straight line, f/p - orc wizard
Aim: an orc wizard, wielding a +0 dagger and wearing a +0 robe (moderately wounded, poisoned, 64% to hit)
The sting hits the orc wizard.
The orc wizard looks even sicker.
The orc wizard is heavily wounded.
The orc wizard closely misses you. The orc hits you but does no damage.
Casting: Sting (safe; 4% risk of failure)
Confirm with . or Enter, or press ? or * to list all spells.
Aiming: Sting (safe; 4% risk of failure)
Press: ? - help, Shift-Dir - straight line, f - orc priest, p - orc wizard
Aim: an orc priest, wielding a +0 whip and wearing a +0 chain mail (79% to hit)
The sting hits the orc priest but does no damage.
The orc priest is poisoned.
The orc wizard points at you and mumbles some strange words.
You resist with some effort. The orc closely misses you.
The orc priest barely misses you.
Casting: Sting (safe; 4% risk of failure)
Confirm with . or Enter, or press ? or * to list all spells.
Aiming: Sting (safe; 4% risk of failure)
Press: ? - help, Shift-Dir - straight line, f/p - orc priest
Aim: an orc priest, wielding a +0 whip and wearing a +0 chain mail (lightly wounded, poisoned, 79% to hit)
The sting hits the orc priest but does no damage.
The orc priest looks even sicker.
The orc priest is lightly wounded.
The orc wizard gestures at you while chanting.
You resist with some effort. The orc misses you.
The orc priest hits you with a +0 whip.
* * * LOW HITPOINT WARNING * * *
The orc priest calls down the wrath of Beogh upon you.
Beogh smites you!
You die...

##.## ##.#.##
.........#..# #.....#
.........#.## ##.#.#.##
.........#.# ###.......##
........##.###...#.#.#...
........##.....#.......#.
#.......##...#...#.>.#...
#!.....)##o....#.......#.
........@o.).....#.#.#...
.....
........###o##.........##
.....
........##)†...##.#.#.##
h...
#.....?.##.....##.....#
..#
#[......##.....###.#.##
..##.
#>......#.o..........#
.....
.......#......#######
..... #......# .....
#......#


You could see an orc priest (very poisoned), an orc wizard (very poisoned) and
an orc.

Vanquished Creatures
  An ogre (D:4)
  A jelly (D:4)
  A hound (D:3)
  An adder (D:3)
  A dart slug (D:2)
  5 orcs
  10 bats
  4 endoplasms
  6 goblins
  6 hobgoblins
  5 quokkas
  2 ball pythons
  2 frilled lizards
  7 kobolds
  5 rats
57 creatures vanquished.

Vanquished Creatures (others)
  A fungus (D:1)
  A plant (D:1)
2 creatures vanquished.

Grand Total: 59 creatures vanquished

Notes
Turn   | Place    | Note
-------+----------+-------------------------------------------
     0 | D:1      | NotreDorf the Merfolk Venom Mage began the quest for the
                  | Orb.
     0 | D:1      | Reached XP level 1. HP: 13/13 MP: 3/3
   241 | D:1      | Reached XP level 2. HP: 18/19 MP: 0/5
   716 | D:1      | Reached XP level 3. HP: 23/24 MP: 1/6
   903 | D:1      | Found a faded altar of an unknown god.
  1155 | D:2      | Learned a level 2 spell: Poisonous Vapours
  1159 | D:2      | Learned a level 3 spell: Mephitic Cloud
  1596 | D:2      | Found a runed translucent door.
  1597 | D:2      | Noticed Crazy Yiuf
  1888 | D:3      | Reached XP level 4. HP: 27/30 MP: 2/7
  2669 | D:4      | Noticed an ogre
  2702 | D:4      | Reached XP level 5. HP: 9/35 MP: 9/9
  2934 | D:4      | Found a glowing golden altar of the Shining One.
  2959 | D:4      | Found a staircase to the Ecumenical Temple.
  2965 | Temple   | Entered the Ecumenical Temple
  3245 | D:4      | Killed an ogre
  3451 | D:4      | Killed from afar by an orc priest

Illustrated notes

Levels and vault maps discovered:
D:1:      spicycebolla_green_bress_n_ham, layout_basic,
          shapermc_ecumenical_altar_mp_urbaneastern, minivault_4,
          grunt_decor_junction
D:2:      layout_basic, uniq_crazy_yiuf_cottage
D:3:      layout_rooms, chequers_hall_statues_corner_a, hangedman_decor_points
D:4:      layout_gridville, lemuel_crystal_altar, lemuel_crystal_altar,
          minmay_temple_entry_sparse_star
Temple:   regret_index_temple_sphere_string

Skill      XL: |  1  2  3  4  5 |
---------------+----------------+-----
Dodging        | 3 4 |  4.8
Transmutations | 2 |  2.1
Poison Magic   | 4 |  4.7
Spellcasting   | 3 |  3.3
Stealth        | |  2.7

Action                   |  1- 3 |  4- 6 || total
-------------------------+-------+-------++-------
Melee: Dagger            |    44 |    29 ||    73
       Unarmed           |     3 |       ||     3
       Punch             |     2 |     1 ||     3
       Glaive            |       |     8 ||     8
 Cast: Sting             |    62 |    33 ||    95
Armor: Robe              |    33 |    10 ||    43
Dodge: Dodged            |    82 |    50 ||   132
